AoeStats
← ็

Arabia

510980438Analyzed
1v1 RM · 6h ago on Oct 3, 2026· 25m 18s· 2 players
Game mode
Random Map
Map size
Tiny (2 player)
Population
200
Speed
Normal
Resources
Standard
Victory
Conquest
Starting age
Dark Age
Ending age
Imperial Age
RankedLock teamsTeams togetherTeam positionsShared explorationLock speedFull tech treeHidden civsTurbo modeCheats
Victory
Defeat
🇦🇺 Franks · Australia
401
+11
🇺🇸 Chinese · United States
293
-11
vigilantevo0do0
11:58 Feudal Age
21:16 Castle Age
19:28 Stone Mining
19:30 Horse Collar
20:24 Double-Bit Axe
24:23 Scale Barding Armor
24:19 Scale Mail Armor
24:30 Forging
็
6:26 Loom
10:45 Feudal Age
9:18 Loom
11:40 Double-Bit Axe
13:41 Forging
13:41 Scale Barding Armor
16:56 Wheelbarrow
20:05 Castle Age
20:20 Gold Mining
24:13 Iron Casting
24:25 Chain Barding Armor
Connection lost

Rejoining the realm…

Still unreachable

The connection could not be restored.

Session expired

The server has moved on; the page needs a fresh start.